AoeStats
← Moreau

Nomad

506540338Analyzed
3v3 RM · 18d ago on Sep 14, 2026· 50m 8s· 6 players
Game mode
Random Map
Map size
210×210
Population
200
Speed
Normal
Resources
Standard
Victory
Conquest
Starting age
Dark Age
Ending age
Imperial Age
RankedLock teamsTeams togetherTeam positionsShared explorationLock speedFull tech treeHidden civsTurbo modeCheats
Victory
Defeat
🇺🇸 Japanese · United States
925
+14
🇺🇸 Inca · United States
872
+16
🇺🇸 Franks · United States
699
+23
🇺🇦 Bulgarians · Ukraine
899
-19
🇺🇦 Portuguese · Ukraine
844
-17
🇺🇦 Franks · Ukraine
844
-17
trentmcmorrow2
5:23 Loom
18:24 Feudal Age
18:32 Champi Runner
22:26 Wheelbarrow
24:44 Castle Age
23:16 Forging
23:07 Scale Mail Armor
24:02 Scale Mail Armor
25:30 Champi Warrior
26:23 Double-Bit Axe
26:29 Stone Mining
27:01 Hand Cart
26:46 Fishing Lines
27:43 Chain Mail Armor
28:03 Iron Casting
28:40 Squires
30:30 Pikeman
43:48 Sanctity
43:29 Town Watch
47:41 Imperial Age
48:52 Elite Kamayuk
49:53 Conscription
ChaosKitty95T
5:28 Loom
19:47 Feudal Age
31:01 Castle Age
30:10 Double-Bit Axe
30:38 Forging
30:30 Scale Mail Armor
43:36 Husbandry
46:34 Imperial Age
44:45 Wheelbarrow
44:10 Gold Mining
47:34 Chivalry
49:28 Cavalier
GodfatherJasper
8:25 Loom
17:18 Loom
22:08 Feudal Age
22:51 Double-Bit Axe
23:00 Gold Mining
22:52 Horse Collar
23:05 Stone Mining
25:58 Arson
28:35 Castle Age
30:28 Bow Saw
31:34 Heavy Plow
32:43 Scale Mail Armor
32:53 Forging
33:24 Gold Shaft Mining
35:44 Chain Mail Armor
36:04 Iron Casting
35:36 Squires
34:57 Pikeman
42:01 Imperial Age
43:53 Conscription
44:03 Kataparuto
43:12 Elite Samurai
43:36 Halberdier
46:20 Capped Ram
47:36 Plate Mail Armor
48:06 Blast Furnace
48:17 Blast Furnace
48:59 Two-Man Saw
The DonLander
8:18 Loom
19:08 Feudal Age
19:51 Town Watch
19:55 Double-Bit Axe
20:17 Horse Collar
22:44 Gold Mining
32:19 Castle Age
30:38 Stone Mining
33:19 Bow Saw
33:14 Heavy Plow
38:54 Bloodlines
38:45 Husbandry
38:47 Squires
38:33 Gambesons
39:18 Forging
39:01 Fletching
39:14 Padded Archer Armor
39:25 Forging
39:21 Scale Barding Armor
39:20 Scale Mail Armor
42:12 Imperial Age
40:06 Thumb Ring
43:23 Parthian Tactics
43:34 Bodkin Arrow
43:55 Leather Archer Armor
44:02 Chain Barding Armor
43:54 Heavy Cavalry Archer
47:40 Iron Casting
47:06 Bracer
Moreau
3:57 Loom
15:40 Feudal Age
16:13 Town Watch
17:05 Wheelbarrow
17:39 Double-Bit Axe
27:49 Castle Age
29:04 Hand Cart
29:20 Husbandry
29:25 Gold Mining
31:55 Scale Barding Armor
32:16 Pikeman
letuchyi
16:22 Feudal Age
17:02 Double-Bit Axe
16:59 Horse Collar
25:08 Castle Age
24:54 Gold Mining
25:26 Bloodlines
25:24 Scale Barding Armor
27:59 Heavy Plow
28:25 Bow Saw
31:51 Husbandry
32:10 Stone Mining
34:29 Stone Shaft Mining
35:10 Chain Barding Armor
Connection lost

Rejoining the realm…

Still unreachable

The connection could not be restored.

Session expired

The server has moved on; the page needs a fresh start.